[Event "Danish Skakligaen 2024-25"]
[Site "Denmark"]
[Date "2024.11.02"]
[Round "1.1"]
[White "Andersen, Mads"]
[Black "Rozentalis, Eduardas"]
[Result "1/2-1/2"]
[ECO "C70"]
[WhiteElo "2595"]
[BlackElo "2489"]
[Annotator "TA"]
[PlyCount "139"]
[EventDate "2024.11.02"]
[EventType "team-tourn"]
[EventCountry "DEN"]
[SourceTitle "playchess.com"]
[Source "ChessBase"]
[SourceQuality "1"]
[TimeControl "40/5400+30:1800+30"]

1. e4 e5 2. Nf3 Nc6 3. Bb5 a6 4. Ba4 Nge7 5. c3 Ng6 6. d4 {[%emt 0:04:06] C70: Ruy Lopez: 3...a6 4 Ba4, Norwegian and Delayed Schliemann.} exd4 7. Nxd4 Be7 8. O-O O-O 9. f4 b5 10. Nxc6 $146 ({Predecessor:} 10. Bc2 Bb7 11. Be3 d6 12. Nd2 Re8 13. Qh5 Bf6 14. Rad1 Qc8 15. N4f3 Nd8 16. f5 {1-0 Doknjas,N (2254)-Khodjimatov,S (2131) Calgary 14th 2023 (9)}) 10... dxc6 11. Bc2 Qxd1 12. Bxd1 c5 13. Be3 Bb7 14. Nd2 f6 15. a4 Bd6 16. g3 Rfe8 17. Bf3 Nf8 18. Kf2 Nd7 19. axb5 axb5 20. e5 Bxf3 21. exd6 Bb7 22. dxc7 Rac8 23. Ra7 Rxc7 24. Nb3 Rec8 25. Rd1 Ra8 26. Rda1 Rac8 27. Rd1 Ra8 28. Rda1 Rac8 29. R1a5 Bd5 30. Rxc7 Rxc7 31. Nc1 (31. Rxb5 Bc4 32. Rxc5 Nxc5 33. Nxc5 Ra7 $11) 31... Bc6 32. Nd3 Bd5 33. Nc1 (33. Rxb5 Bc4 34. Rxc5 Nxc5 35. Nxc5 Ra7 $15) 33... Bc6 34. Ra6 Kf7 35. Nd3 Bd5 36. Ra5 Bc4 37. Nc1 Rb7 38. g4 g6 39. h3 Be6 40. Nd3 Bc4 (40... Rc7 $11) 41. Nxc5 $16 Nxc5 42. Bxc5 Rd7 43. Bd4 Re7 44. b3 Bxb3 45. Rxb5 Bc4 46. Rc5 Bd3 47. Kg3 Re1 48. Kh4 h6 49. Rc7+ Re7 50. Rc8 Re2 51. Rc7+ Re7 52. Rc6 Re6 53. Rc5 Re1 $1 54. Kg3 f5 55. Rc7+ Re7 56. Rc8 Re8 57. Rc7+ Re7 58. Rc8 Re8 59. Rc5 Re2 (59... Re1 $11) 60. Kh4 fxg4 61. hxg4 h5 {[%emt 0:00:02] [#]} 62. Rc7+ ({Much less strong is} 62. gxh5 Rh2+ 63. Kg4 Bf5+ 64. Kg3 Rxh5 $11) (62. f5 $1 $16 {[%cal Rf5f6] f6 is the strong threat.} Re4 63. fxg6+ Kxg6 64. Rg5+ (64. Rxh5 Rxg4+ 65. Kxg4 Be2+ 66. Kf4 Bxh5 $11) 64... Kf7 65. Rxh5 (65. Kxh5 Be2 $16)) 62... Ke6 $11 63. gxh5 Rh2+ 64. Kg3 Rxh5 65. c4 Kd6 66. Rg7 Bxc4 67. Rxg6+ Ke7 68. Rg7+ Ke6 69. Rc7 Bd3 70. Rc6+ 1/2-1/2

[Event "Danish Skakligaen 2024-25"]
[Site "Denmark"]
[Date "2024.11.02"]
[Round "1.1"]
[White "Thybo, Jesper Sondergaard"]
[Black "Sloth, Jorn"]
[Result "1-0"]
[ECO "A05"]
[WhiteElo "2549"]
[BlackElo "2295"]
[Annotator "TA"]
[PlyCount "71"]
[EventDate "2024.11.02"]
[EventType "team-tourn"]
[EventCountry "DEN"]
[SourceTitle "playchess.com"]
[Source "ChessBase"]
[SourceQuality "1"]
[TimeControl "40/5400+30:1800+30"]

1. Nf3 Nf6 2. g3 b6 3. d4 Bb7 4. c4 Bxf3 5. exf3 e6 6. Bg2 Bb4+ 7. Nc3 Nc6 8. O-O Bxc3 9. bxc3 Na5 {[%emt 0:00:14] The position is equal.} 10. Qe2 O-O 11. Ba3 Re8 12. Bb4 Nc6 13. f4 d5 14. a4 Qd7 15. a5 Rab8 16. Rfd1 b5 17. cxd5 exd5 18. Qd3 a6 19. Re1 Rbd8 20. Rac1 Ne7 21. Qf1 Nc8 22. Bh3 {[%emt 0:03:58] This pair of bishops is nice.} Qc6 23. Re5 Ne4 24. Rc2 Ncd6 25. f3 Nf6 26. Rce2 $36 {[%emt 0:00:28][%mdl 2048] Keeping Black busy.} Nc4 27. Re7 {[%emt 0:02:02][%cal Oh3d7] [#] Threatens to win with Bd7!} Nd6 28. Qe1 {[%emt 0:01:06] And now Bxd6 would win. White has more active pieces.} Rf8 (28... Rxe7 $142 29. Rxe7 h5) 29. Kg2 (29. g4 $142) 29... Kh8 ({Better is} 29... h5) 30. g4 {[%emt 0:02:17] Black is weak on the dark squares} Ng8 31. R7e5 f6 32. Re6 Qd7 33. f5 g5 $2 (33... Ra8 $16 34. Kg1 Rfd8) 34. fxg6 $18 hxg6 $2 {[%emt 0:00:03] [#]} (34... Qg7 35. gxh7 Qxh7) 35. Re7 $1 Nxe7 36. Rxe7 {[%emt 0:00:06] Weighted Error Value: White=0.11 (very precise) /Black=0.22 (precise) .  Loses game:     	---       	Black=1      Mistake:       	White=1     	Black=3      Inaccurate:     	White=3     	Black=5      OK:         	White=12    	Black=8      Best:        	---       	Black=2} 1-0

[Event "Danish Skakligaen 2024-25"]
[Site "Denmark"]
[Date "2024.11.02"]
[Round "1.1"]
[White "Mikkelsen, Nikolaj"]
[Black "Hillarp Persson, Tiger"]
[Result "0-1"]
[ECO "B51"]
[WhiteElo "2477"]
[BlackElo "2455"]
[Annotator "TA"]
[PlyCount "128"]
[EventDate "2024.11.02"]
[EventType "team-tourn"]
[EventCountry "DEN"]
[SourceTitle "playchess.com"]
[Source "ChessBase"]
[SourceQuality "1"]
[TimeControl "40/5400+30:1800+30"]

1. e4 c5 2. Nf3 d6 3. Bb5+ Nd7 4. O-O a6 5. Bd3 Ngf6 6. c3 b5 7. Bc2 Bb7 8. Qe2 e6 9. d4 cxd4 10. cxd4 Be7 11. Re1 {[%emt 0:09:09][%cal Od4d5] The position is equal.} Rc8 12. Bd3 Nb6 13. b3 d5 14. e5 Ne4 15. Nfd2 O-O 16. Bb2 f5 17. exf6 Rxf6 18. f3 Nd6 19. Nf1 Nd7 20. Ne3 Qb6 21. Ng4 e5 22. Nxe5 (22. Nxf6+ $16 Bxf6 23. Nd2) 22... Nxe5 23. Qxe5 Bf8 24. Nd2 {[%emt 0:05:37] Wards off Nc4} Qa5 25. Nf1 Re8 26. Qg3 Rxe1 27. Qxe1 (27. Rxe1 Qxa2 28. Bc1 Qxb3 $17) 27... Qb6 28. Ne3 Re6 29. Qf2 b4 30. Re1 Nb5 31. Nc2 Nc3 32. a3 a5 (32... Na2 $16) 33. axb4 (33. Rxe6 $18 Qxe6 34. Qh4) 33... axb4 $16 34. Rxe6 Qxe6 35. Qe1 {[%emt 0:00:08] Repels Nd1} Qc6 36. Bc1 Ba6 37. Qf1 Bc8 (37... Bxd3 $14 38. Qxd3 Qa8) 38. Bd2 Bd6 39. Qe1 g6 40. g3 (40. h4 $18) 40... Kf7 41. Ne3 (41. Qe3 $142 {aiming for Qh6.} Qb6 42. Qh6) 41... Be6 42. Kg2 Nb5 (42... Qc8 $16 43. Qa1 Kg7 44. Qa7+ Qc7 45. Qxc7+ Bxc7) 43. Qa1 (43. Bxb4 $6 Nxd4 44. Bxd6 Qxd6 $16) (43. Nc2 $18) 43... Be7 (43... Qb6 $142) 44. Nc2 Bf5 (44... Nc3 $16 {keeps fighting.} 45. Qa5 Qd6 46. Bxc3 bxc3) 45. Qf1 (45. Nxb4 $2 Bxb4 46. Bxf5 Bxd2 $19) (45. Bxf5 $1 $18 {and the rest is easy. Bd3 would now be deadly.} gxf5 46. Nxb4) 45... Bxd3 46. Qxd3 Qb6 47. Bf4 (47. Nxb4 Qxd4 48. Nc6 (48. Qxd4 Nxd4 49. Nxd5 Nxb3 $14) 48... Qxd3 $14) 47... Na7 48. Be5 Qb5 49. Qe3 Nc6 50. Ne1 $1 Qa6 51. Qd2 {[%emt 0:01:46] Against Qa2} (51. Nd3 $1 $16) 51... Qa3 (51... Qa1 $1 $14) 52. Qc2 Na5 {[%emt 0:00:09] [#]} 53. Qc7 ({White has to play} 53. Qc8 $1 $16 ) 53... Qb2+ $2 {[%emt 0:00:18] [#]} (53... Qa2+ $11 {and Black has nothing to worry.} 54. Kh3 Nxb3) 54. Nc2 $2 (54. Kf1 $1 $18 Qxb3 (54... Nxb3 $2 55. Bd6 $18) 55. Qxa5 Qc4+ 56. Kf2) 54... Nc4 {[%emt 0:00:21] Prevents Bd6} 55. bxc4 Qxc2+ $11 {[%emt 0:00:06][%mdl 4096] Endgame. KQB-KQB} 56. Kg1 Qd1+ 57. Kf2 Qd2+ 58. Kf1 b3 59. Bd6 Qd3+ 60. Kg2 $2 (60. Kf2 $11 Qd2+ (60... Qxd4+ 61. Kg2 $15) 61. Kf1 Qd1+ 62. Kf2 Qxd4+ 63. Kg2 Qd2+ 64. Kf1) 60... Qe2+ {[%emt 0:00:07] Black mates.} 61. Kh3 Qf1+ 62. Kg4 h5+ 63. Kf4 Qc1+ 64. Ke5 Qg5# {[%emt 0:00:38] Never resign too early!   Weighted Error Value: White=0.38/Black=0.23 (precise) .  Loses game:     	White=1     	Black=1      Missed win:     	White=1     	---        Mistake:       	White=8     	Black=7      Inaccurate:     	White=2     	Black=6      OK:         	White=14    	Black=12     Best:        	White=2     	Black=2      Strong:       	White=1     	---} 0-1

[Event "Danish Skakligaen 2024-25"]
[Site "Denmark"]
[Date "2024.11.02"]
[Round "1.1"]
[White "Hector, Jonny"]
[Black "Kanov, Nikola"]
[Result "1/2-1/2"]
[ECO "B48"]
[WhiteElo "2431"]
[BlackElo "2400"]
[Annotator "TA"]
[PlyCount "108"]
[EventDate "2024.11.02"]
[EventType "team-tourn"]
[EventCountry "DEN"]
[SourceTitle "playchess.com"]
[Source "ChessBase"]
[SourceQuality "1"]
[TimeControl "40/5400+30:1800+30"]

1. e4 c5 2. Nf3 e6 3. d4 cxd4 4. Nxd4 Nc6 5. Nc3 Qc7 6. Be3 a6 7. Qf3 {[%emt 0:01:04] B48: Sicilian: Taimanov: 5 Nc3 Qc7 6 Be3 a6 without Be2.} b5 8. Qg3 Bd6 9. f4 $1 (9. Qxg7 $2 Be5 10. Nxe6 fxe6 $19 (10... dxe6 $2 11. Bf4 $19)) 9... Nxd4 10. Bxd4 Ne7 $1 11. e5 (11. Bxg7 $2 Rg8 12. e5 Bb4 $19) (11. Qxg7 {keeps more tension.} Rg8 12. Qxh7 Bxf4 13. Bd3) 11... Bc5 12. Qd3 $146 (12. Qxg7 Rg8 13. Qxh7 Bxd4 $11) (12. Bxc5 $14 Qxc5 13. Bd3 (13. Qxg7 Rg8 $11)) ({Predecessor:} 12. Bxc5 Qxc5 13. O-O-O Nf5 14. Qd3 Qe3+ 15. Qxe3 Nxe3 16. Re1 Nxf1 17. Rhxf1 Bb7 18. Ne4 Bxe4 19. Rxe4 {½-½ Aryan,C (2630)-Yoo,C (2583) Saint Louis Spring-A 2024 (4)}) 12... Bb7 13. Bxc5 Qxc5 14. O-O-O O-O-O (14... O-O $11) 15. Ne4 (15. a4 {looks sharper.} bxa4 16. Ne4 Bxe4 17. Qxe4 Kc7 18. Rd3) 15... Bxe4 16. Qxe4 d5 17. exd6 Nd5 18. Be2 Rxd6 19. Rd2 Rhd8 20. Rhd1 Nf6 21. Rxd6 (21. Qe5 {simplifies} Qxe5 22. fxe5 Rxd2 23. Rxd2 Rxd2 24. Kxd2 Nd7 25. a4) 21... Rxd6 22. Qa8+ Kc7 23. Rxd6 Qxd6 24. Qa7+ Kd8 25. g3 (25. Qxf7 Qxf4+ 26. Kd1 (26. Kb1 $2 Qb4 $19) 26... Qd4+ 27. Ke1 Qg1+ 28. Bf1 Qe3+ 29. Be2 Qc1+ 30. Bd1 Qxb2 31. Qxg7 (31. Qxe6 Qb4+ 32. Ke2 Qd4 $11) 31... Qe5+ 32. Kf1 Qf4+ 33. Ke2 Ke8) 25... Nd7 26. a4 bxa4 27. Bxa6 a3 28. Bd3 axb2+ 29. Kxb2 g6 30. Kc1 Qb4 31. Kd1 Ke8 32. Qa6 Ke7 33. Ke2 Qd4 34. Kf1 Nc5 35. Qc4 Qe3 36. Qb4 Qf3+ 37. Kg1 Qe3+ 38. Kg2 h5 39. h4 Kf8 40. Qc3 Kg8 41. Qa3 Qd4 42. Qa8+ Kg7 43. Qf3 e5 44. fxe5 Qxe5 45. Bc4 f5 46. Qd5 Qe4+ 47. Qxe4 Nxe4 48. Bd5 Nc3 49. Bc6 f4 50. Bf3 fxg3 51. Kxg3 Kf6 52. Kf4 Nb5 53. c4 Nd4 54. Be4 Ne6+ 1/2-1/2

[Event "Danish Skakligaen 2024-25"]
[Site "Denmark"]
[Date "2024.11.02"]
[Round "1.1"]
[White "Nielsen, Viktor Haarmark"]
[Black "Ochsner, Bjorn Moller"]
[Result "1-0"]
[ECO "A29"]
[WhiteElo "2343"]
[BlackElo "2512"]
[Annotator "TA"]
[PlyCount "95"]
[EventDate "2024.11.02"]
[EventType "team-tourn"]
[EventCountry "DEN"]
[SourceTitle "playchess.com"]
[Source "ChessBase"]
[SourceQuality "1"]
[TimeControl "40/5400+30:1800+30"]

1. c4 e5 2. Nc3 Nf6 3. Nf3 Nc6 4. g3 Bb4 5. Nd5 a5 6. Bg2 O-O 7. O-O Re8 8. d3 h6 9. a3 Bc5 10. b3 {[%emt 0:02:59] White has an edge.} d6 11. Bb2 Ba7 12. e3 Be6 13. Nd2 Bxd5 14. cxd5 Ne7 15. e4 h5 16. Nf3 Ng6 17. Rc1 Bb6 18. Bh3 h4 19. Qd2 (19. gxh4 Nf4 20. Ng5 Nh7 $17) 19... Nh7 20. Kg2 Qf6 (20... Nf6 $142) 21. Bf5 $16 {[%emt 0:03:31] Active counter play!} Nhf8 22. d4 Rad8 23. Bc3 ({Better is} 23. Rc2) 23... Ra8 24. Rfe1 Qe7 (24... c6 $16) 25. Rc2 $18 Red8 26. Qc1 Re8 27. dxe5 Nxe5 28. Qd1 (28. Nxh4 Nd3 29. Qd1 Nxe1+ 30. Bxe1 (30. Qxe1 g6 $11) 30... g6 $11) 28... g6 $2 {[%emt 0:01:47] [#] Black cannot hold the game after this.} (28... a4 $16) 29. Bh3 (29. Nxh4 $142 {[%cal Of2f4] Strongly threatening f4!} a4 30. b4) 29... hxg3 (29... Nxf3 $142 30. Qxf3 Qg5) 30. hxg3 Nh7 31. Bb2 Nf6 32. Nd4 Ned7 33. Rce2 Nh7 34. Qd2 {[%emt 0:00:33][%cal Od4e6] aiming for Ne6!} Ndf6 $2 (34... Bxd4 {might work better.} 35. Qxd4 (35. Bxd4 Ndf6 $18) 35... Ndf6) 35. Nf3 Qf8 36. Ng5 ({Less strong is} 36. e5 dxe5 37. Nxe5 (37. Rxe5 Qc5 $14) 37... Qc5 $16) 36... Nxg5 37. Qxg5 ({Don't take} 37. Bxf6 Nh7 $18) 37... Nh7 38. Qd2 {[%emt 0:00:13] Black is weak on the light squares} Re7 39. Qc3 f6 40. Be6+ Kg7 $2 (40... Rxe6 41. dxe6 Qe7) 41. f4 c6 42. g4 Rae8 43. Rh1 Rxe6 44. dxe6 {[%emt 0:00:00] [#] Threatening mate with Qh3.} Rxe6 45. Qh3 Qg8 46. Qh6+ Kh8 47. Kf1 Qg7 48. Reh2 {[%emt 0:00:00] Weighted Error Value: White=0.26 (precise) /Black=0.52.  Loses game:     	---       	Black=1      Mistake:       	White=2     	Black=5      Inaccurate:     	White=1     	Black=6      OK:         	White=13    	Black=7      Best:        	---       	Black=1} 1-0

[Event "Danish Skakligaen 2024-25"]
[Site "Denmark"]
[Date "2024.11.02"]
[Round "1.2"]
[White "Pantzar, Milton"]
[Black "Olsen, Filip Boe"]
[Result "1/2-1/2"]
[ECO "D35"]
[WhiteElo "2453"]
[BlackElo "2470"]
[Annotator "TA"]
[PlyCount "63"]
[EventDate "2024.11.02"]
[EventType "team-tourn"]
[EventCountry "DEN"]
[SourceTitle "playchess.com"]
[Source "ChessBase"]
[SourceQuality "1"]
[TimeControl "40/5400+30:1800+30"]

1. d4 d5 2. c4 e6 3. Nc3 Nf6 4. cxd5 exd5 5. Bg5 Be7 6. e3 h6 7. Bh4 Bg4 8. Be2 Bxe2 9. Ngxe2 {[%emt 0:00:12] And now Bxf6 would win.} Nbd7 10. O-O O-O 11. a4 c6 12. Qb3 Qb6 13. Qc2 Rfe8 14. a5 Qd8 15. h3 Nh5 16. Bxe7 Qxe7 {[%emt 0:02:33] [#]} 17. b4 $1 a6 $1 18. Na4 g6 19. Nc5 Rab8 20. Rae1 Ng7 21. Nf4 Nf5 22. g4 Ng7 23. f3 Nxc5 24. bxc5 Ne6 25. Nd3 Qc7 26. Ne5 Nf8 27. Qd2 (27. f4 $1 $14) 27... f6 $11 {[%emt 0:02:09] The position is equal.} 28. Nd3 Qg3+ 29. Qg2 Qc7 30. Qd2 Qg3+ 31. Qg2 Qc7 32. Qd2 {[%emt 0:01:58] Weighted Error Value: White=0.07 (flawless) /Black=0.07 (flawless) .  Mistake:       	White=1     	---        Inaccurate:     	White=1     	Black=2      OK:         	White=9     	Black=11     Best:        	White=2     	---        Strong:       	---       	Black=1} 1/2-1/2

[Event "Danish Skakligaen 2024-25"]
[Site "Denmark"]
[Date "2024.11.02"]
[Round "1.2"]
[White "Vasli, Aref"]
[Black "Kistrup, Nicolai"]
[Result "0-1"]
[ECO "A08"]
[WhiteElo "2410"]
[BlackElo "2420"]
[Annotator "TA"]
[PlyCount "84"]
[EventDate "2024.11.02"]
[EventType "team-tourn"]
[EventCountry "DEN"]
[SourceTitle "playchess.com"]
[Source "ChessBase"]
[SourceQuality "1"]
[TimeControl "40/5400+30:1800+30"]

1. Nf3 d5 2. g3 c5 3. Bg2 Nc6 4. d4 Nf6 5. O-O e6 6. c3 Be7 7. Nbd2 cxd4 8. Nxd4 Nxd4 9. cxd4 Qb6 10. Nf3 O-O 11. b3 Bd7 {[%emt 0:12:30] The position is equal.} 12. Ne5 Bb5 13. a4 Ba6 14. Bg5 Rfe8 15. Rb1 Qb4 16. f3 {[%emt 0:10:03] Against Ne4} ({White should play} 16. Be3 $11) 16... Nd7 17. Bxe7 Rxe7 18. Nxd7 Rxd7 19. Rc1 {[%emt 0:00:08] Repels Rc8} ({Better is} 19. f4 $15) 19... Rdd8 {[%emt 0:01:18] Black is more active.} 20. Rf2 (20. f4 $15) 20... Rac8 $17 21. e3 (21. Rb1 $17) 21... Rc3 $19 22. Qe1 Rxb3 23. Qxb4 Rxb4 24. Ra2 Bc4 25. Raa1 Rd6 26. Bf1 Rc6 (26... a5 $19 27. g4 Rdb6) 27. Rcb1 (27. a5 $17) 27... a5 28. Rc1 Kf8 29. f4 Ke7 30. Kf2 Kd6 31. Kf3 Bxf1 {[%emt 0:02:10] Black is clearly winning.} 32. Rxf1 {[%emt 0:00:02][%mdl 4096] Endgame. KRR-KRR} Rcc4 33. Rfb1 Rxb1 ({Not} 33... Rxa4 34. Rxa4 Rxa4 35. Rxb7 $17) 34. Rxb1 {[%emt 0:00:02] KR-KR} Kc6 ({Weaker is} 34... Rxa4 35. Rxb7 Rc4 36. Ke2 $17) 35. Ra1 b5 36. axb5+ Kxb5 37. g4 (37. Ke2 $142) 37... a4 38. f5 Kb4 39. Rb1+ Kc3 {[%emt 0:00:21] ...a3 is the strong threat.} 40. Rb7 exf5 41. gxf5 a3 42. Rxf7 a2 {[%emt 0:00:55] Weighted Error Value: White=0.62/Black=0.07 (flawless) .  Mistake:       	White=6     	Black=1      Inaccurate:     	White=1     	---        OK:         	White=8     	Black=14     Best:        	---       	Black=2} 0-1

[Event "Danish Skakligaen 2024-25"]
[Site "Denmark"]
[Date "2024.11.02"]
[Round "1.2"]
[White "Rasmussen, Karsten"]
[Black "Skonnord, Uno"]
[Result "1-0"]
[ECO "A00"]
[WhiteElo "2391"]
[BlackElo "2162"]
[Annotator "RC"]
[PlyCount "111"]
[EventDate "2024.11.02"]
[EventType "team-tourn"]
[EventCountry "DEN"]
[SourceTitle "playchess.com"]
[Source "ChessBase"]
[SourceQuality "1"]
[TimeControl "40/5400+30:1800+30"]

1. g3 c5 2. Bg2 g6 3. Nf3 Bg7 4. O-O Nc6 5. e4 d6 6. c3 Nf6 7. d4 cxd4 8. cxd4 O-O 9. d5 Nb4 10. Nc3 a5 11. h3 Bd7 12. Be3 a4 13. a3 Na6 14. e5 Ne8 15. e6 fxe6 16. dxe6 Bc6 17. Nxa4 Nec7 18. Nb6 Rb8 19. Ng5 Rf5 20. Nd7 Bxd7 21. exd7 e6 22. h4 Qxd7 23. Qd2 d5 24. Bh3 Rff8 25. Rad1 Rbe8 26. Rfe1 Qe7 27. b4 h6 28. b5 Nb8 29. b6 hxg5 30. Bxg5 Qd7 31. bxc7 Nc6 32. Qe3 Qxc7 33. Bxe6+ Kh7 34. h5 Ne5 35. hxg6+ Kh8 36. Bf7 Nxf7 37. Qxe8 Nxg5 38. Qe2 Nf3+ 39. Kg2 Nxe1+ 40. Rxe1 Rf6 41. Qh5+ Kg8 42. Qxd5+ Kf8 43. Rc1 Rc6 44. Qf5+ Kg8 45. Re1 Bh6 46. Rd1 Qe7 47. Rd7 Qe6 48. Rd8+ Kg7 49. Rd7+ Kg8 50. Qxe6+ Rxe6 51. Rxb7 Ra6 52. f4 Rxa3 53. f5 Bg5 54. Rf7 Ra6 55. Kf3 Rf6 56. Kg4 1-0

[Event "Danish Skakligaen 2024-25"]
[Site "Denmark"]
[Date "2024.11.02"]
[Round "1.2"]
[White "Fries-Nielsen, Jens Ove"]
[Black "Brynell, Stellan"]
[Result "1/2-1/2"]
[ECO "D05"]
[WhiteElo "2334"]
[BlackElo "2368"]
[Annotator "RC"]
[PlyCount "135"]
[EventDate "2024.11.02"]
[EventType "team-tourn"]
[EventCountry "DEN"]
[SourceTitle "playchess.com"]
[Source "ChessBase"]
[SourceQuality "1"]
[TimeControl "40/5400+30:1800+30"]

1. d4 Nf6 2. Nf3 e6 3. e3 d5 4. Bd3 c5 5. b3 Nc6 6. Bb2 Bd6 7. Nbd2 O-O 8. O-O Qe7 9. dxc5 Bxc5 10. e4 dxe4 11. Nxe4 Nxe4 12. Bxe4 Rd8 13. Qe2 Bd7 14. a3 Be8 15. Rfe1 Rac8 16. Bd3 Bd7 17. b4 Bd6 18. c4 b6 19. Rac1 h6 20. Bb1 a5 21. c5 bxc5 22. bxc5 Bc7 23. Qc2 f5 24. Qc4 Qf7 25. Ba2 Rb8 26. Ba1 Ne7 27. Ne5 Bxe5 28. Bxe5 Rbc8 29. Bd6 Nd5 30. Qa6 Bc6 31. Qe2 Re8 32. Qd2 Qg6 33. f3 Ra8 34. Rb1 a4 35. Rb2 Kh7 36. Qd4 Qf6 37. Be5 Qg5 38. h4 Qe7 39. Bb1 Rad8 40. Rbe2 Qf7 41. Bd6 Rd7 42. Bc2 Rb7 43. g4 g6 44. h5 gxh5 45. Rxe6 Rxe6 46. Rxe6 hxg4 47. fxg4 Qxe6 48. Bxf5+ Qxf5 49. gxf5 Rb3 50. Bf8 Rg3+ 51. Kf2 Nc3 52. Qh4 Ne4+ 53. Qxe4 Bxe4 54. Kxg3 Bxf5 55. Kf4 Bh3 56. Ke5 Kg8 57. Bxh6 Kf7 58. Kd6 Ke8 59. Bg5 Bg2 60. Kc7 Bf3 61. c6 Be4 62. Kb6 Bf3 63. Kb5 Bg2 64. Kb6 Bf3 65. Kc7 Bg2 66. Kd6 Bf3 67. c7 Bb7 68. c8=Q+ 1/2-1/2

[Event "Danish Skakligaen 2024-25"]
[Site "Denmark"]
[Date "2024.11.02"]
[Round "1.2"]
[White "Klitgaard, Thomas"]
[Black "Hansen, Sune Berg"]
[Result "0-1"]
[ECO "A30"]
[WhiteElo "2183"]
[BlackElo "2511"]
[Annotator "TA"]
[PlyCount "112"]
[EventDate "2024.11.02"]
[EventType "team-tourn"]
[EventCountry "DEN"]
[SourceTitle "playchess.com"]
[Source "ChessBase"]
[SourceQuality "1"]
[TimeControl "40/5400+30:1800+30"]

1. Nf3 c5 2. c4 Nf6 3. Nc3 e6 4. g3 b6 5. Bg2 Bb7 6. O-O Be7 7. b3 O-O 8. d4 cxd4 9. Qxd4 d6 10. e4 Nbd7 11. Rd1 Qc8 12. Bb2 a6 13. Rac1 Re8 14. h3 Bf8 15. Re1 Qc7 {[%emt 0:03:06] White has an edge.} 16. Qd3 Rad8 17. Qf1 Qb8 18. Rcd1 Qa8 19. Nd2 h6 20. Kh2 Qb8 21. f4 Bc6 22. Nf3 Qc7 23. Rc1 Bb7 24. Nd4 Nc5 25. Qe2 (25. Nc2 $14) 25... Qb8 ({Black should try} 25... e5 $15 26. Nf5 g6) 26. Rcd1 Qa8 27. e5 dxe5 28. fxe5 {[%emt 0:00:11] And now Bxb7 would win.} Nh7 29. h4 Nd7 30. Bxb7 Qxb7 31. Qf3 Qc7 32. Qe4 Rc8 33. Re2 Bb4 34. Rc1 (34. Qc6 $5) 34... Nhf8 35. a3 Bxc3 36. Bxc3 Ng6 37. Nf3 Nc5 38. Qc2 Red8 39. h5 {[%emt 0:00:19] [#]} Nf8 (39... Ne7 $1 $17 40. Nd4 Nc6 41. Nxc6 Qxc6) 40. Rd1 Rxd1 41. Qxd1 Qb7 42. Nd4 (42. Re3 $11) 42... Nh7 $17 43. Qh1 {[%emt 0:00:00] [#]} Qc7 ({Black should play} 43... Qd7 $1 $17 {[%cal Oc5b3] ...Nxb3! is the strong threat.} 44. Bb2 Nb7) 44. Re3 $15 Ng5 45. Qg2 Rd8 46. Nc6 (46. Qc6 $15 Qb8 47. Qg2) 46... Rd1 {[%emt 0:00:00][%cal Oc5e4] ...Nce4! would now be deadly.} 47. b4 $2 {[%emt 0:00:00] White does not recover from this.} (47. Qc2 $17 Rd7 48. Nd4) 47... Nce4 $19 {[%emt 0:00:00] A dynamic duo of knights.} 48. b5 (48. Rxe4 Qxc6 49. Rf4) 48... Nxc3 49. Rxc3 Qd7 50. Rc2 {[%emt 0:00:00] Against Rd2} axb5 51. cxb5 Qd3 52. Ne7+ Kh7 53. Rf2 {[%emt 0:00:34] Against Nf3+} Ne4 (53... Qxb5 $2 {is the wrong capture.} 54. Qa8 $18) 54. Rb2 {[%emt 0:03:50] [#]} Nxg3 $1 55. Qa8 (55. Qxg3 Rh1+) 55... Nf1+ ({Worse is} 55... Nxh5 56. Qg8#) 56. Kg2 Qg3+ {[%emt 0:00:11] Weighted Error Value: White=0.76/Black=0.20 (precise) .  Loses game:     	White=1     	---        Mistake:       	White=4     	Black=3      Inaccurate:     	White=7     	Black=1      OK:         	White=6     	Black=14     Best:        	White=1     	Black=1} 0-1